 Dungeon Crawl Stone Soup version 0.20.0-10-g0535bb4 (webtiles) character file.

18731 mike2R the Destroyer (level 12, -5/72 HPs)
             Began as a Deep Elf Conjurer on June 5, 2017.
             Was an Elder of Qazlal.
             Hit by a silver javelin thrown by Urug (11 damage)
             ... on level 3 of the Lair of Beasts on June 6, 2017.
             The game lasted 02:09:18 (18897 turns).

mike2R the Destroyer (Deep Elf Conjurer)           Turns: 18897, Time: 02:09:19

Health: -5/72      AC: 11    Str:  6    XL:     12   Next: 30%
Magic:  0/24       EV: 17    Int: 25    God:    Qazlal [****..]
Gold:   807        SH:  5    Dex: 15    Spells: 2/24 levels left

rFire    . . .     SeeInvis .   O - +0 lajatang (elec)
rCold    . . .     Gourm    .   (shield currently unavailable)
rNeg     . . .     Faith    .   a - +0 steam dragon scales
rPois    .         Spirit   .   C - +0 helmet
rElec    .         Reflect  .   (no cloak)
rCorr    .         Harm     .   e - +2 pair of gloves
MR       +....                  (no boots)
Stlth    ++........             (no amulet)
Regen    0.3/turn               k - ring of stealth
MPRegen  0.2/turn               L - +2 ring of slaying

@: very slightly contaminated, repel missiles
A: no striking features
a: Upheaval, Elemental Force, Renounce Religion


You were on level 3 of the Lair of Beasts.
You worshipped Qazlal.
Qazlal was greatly pleased with you.
You were not hungry.

You visited 2 branches of the dungeon, and saw 12 of its levels.
You also visited: Sewer and Ossuary.

You collected 807 gold pieces.

Inventory:

Hand Weapons
 O - a +0 lajatang of electrocution (weapon)
Missiles
 u - 4 javelins (quivered)
Armour
 a - +0 steam dragon scales (worn)
 e - a +2 pair of gloves (worn)
 t - a +3 leather armour
 C - a +0 helmet (worn)
 J - a +0 troll leather armour
 Z - a +0 chain mail of cold resistance
Jewellery
 k - a ring of stealth (left hand)
 I - an uncursed ring of teleportation
 L - a +2 ring of slaying (right hand)
Wands
 z - a wand of flame (8/48)
 B - a wand of flame (32/48)
 F - a wand of random effects (25/48)
 R - a wand of iceblast (5/15)
 S - a wand of confusion (31/48)
Scrolls
 d - a scroll of recharging
 i - a scroll of remove curse
 j - a scroll of fear
 q - a scroll of holy word {unknown}
 r - a scroll of blinking
 v - a scroll of immolation {unknown}
 w - 2 scrolls of fog
 A - a scroll of brand weapon {unknown}
 E - 2 scrolls of magic mapping
 H - a scroll of amnesia
 K - a scroll of random uselessness {unknown}
 T - 2 scrolls of teleportation
 Y - a scroll of vulnerability {unknown}
Potions
 f - 6 potions of curing
 l - a potion of brilliance
 n - a potion of magic
 o - 2 potions of flight
 s - 3 potions of might
 x - a potion of mutation
 G - 5 potions of lignification
 P - a potion of invisibility {unknown}
 V - a potion of cancellation
 W - a potion of haste
Books
 b - a book of Conjurations

   Spells                             Type                      Level
   a - Magic Dart                     Conjuration                  1
   b - Searing Ray                    Conjuration                  2
   c - Dazzling Spray                 Conjuration/Hexes            3
   d - Fulminant Prism                Conjuration/Hexes            4
   e - Force Lance                    Conjuration/Translocation    4
   f - Iskenderun's Mystic Blast      Conjuration                  4
 g - a book of Changes

   Spells                             Type                      Level
   a - Beastly Appendage              Transmutation                1
   b - Sticks to Snakes               Transmutation                2
   c - Spider Form                    Transmutation/Poison         3
   d - Ice Form                       Ice/Transmutation            4
   e - Blade Hands                    Transmutation                5
 y - a book of Misfortune

   Spells                             Type                      Level
   a - Confusing Touch                Hexes                        1
   b - Confuse                        Hexes                        3
   c - Gell's Gravitas                Translocation                3
   d - Petrify                        Transmutation/Earth          4
   e - Metabolic Englaciation         Hexes/Ice                    5
   f - Yara's Violent Unravelling     Hexes/Transmutation          5
 Q - a book of Callings

   Spells                             Type                      Level
   a - Summon Small Mammal            Summoning                    1
   b - Call Imp                       Summoning                    2
   c - Call Canine Familiar           Summoning                    3
   d - Summon Guardian Golem          Hexes/Summoning              3
   e - Summon Lightning Spire         Summoning/Air                4
   f - Summon Ice Beast               Ice/Summoning                4
Miscellaneous
 h - a crystal ball of energy
Comestibles
 c - 9 bread rations
 m - 5 fruits
 p - 6 meat rations
 M - 3 royal jellies


   Skills:
 - Level 7.3 Fighting
 - Level 6.2 Staves
 - Level 6.3 Armour
 - Level 7.1 Dodging
 - Level 2.4 Stealth
 - Level 6.9 Spellcasting
 - Level 13.2 Conjurations
 + Level 6.0 Summonings
 - Level 5.1 Invocations


You had 2 spell levels left.
You knew the following spells:

 Your Spells              Type           Power        Failure   Level  Hunger
a - Magic Dart            Conj           ####         1%          1    None
b - Searing Ray           Conj           ######       1%          2    None
c - Dazzling Spray        Conj/Hex       #####.       1%          3    None
d - Iskenderun's Mystic   Conj           ######..     1%          4    ###....
e - Force Lance           Conj/Tloc      #####...     4%          4    ###....
f - Fulminant Prism       Conj/Hex       #####.....   4%          4    ###....
g - Summon Lightning Spi  Summ/Air       ###.....     19%         4    ###....


Dungeon Overview and Level Annotations

Branches:
Dungeon (9/15)             Temple (0/1) D:4            Lair (3/6) D:9
  Snake (0/4) Lair:2          Orc (0/2) D:9
  Swamp: Lair:2-4    Shoals: Lair:2-4

Altars:
Cheibriados
Dithmenos
Elyvilon
Okawaru
Qazlal
Sif Muna
Uskayaw
Beogh

Annotations:
D:5 no0bjke's ghost, novice GrFi
Lair:2 Rupert
Lair:3 Urug


Message History

Aiming: Magic Dart
Press: ? - help, Shift-Dir - straight line, f/p - Urug
Aim: Urug, wielding an enchanted eveningstar and wearing a ring mail (heavily wounded)
The magic dart hits Urug.
Urug is severely wounded.
Urug throws a silver javelin.
The silver javelin misses you.
Casting: Magic Dart
Confirm with . or Enter, or press ? or * to list all spells.
You don't have enough magic to cast that spell.
Unknown command.
Casting: Magic Dart
Confirm with . or Enter, or press ? or * to list all spells.
You don't have enough magic to cast that spell.
Unknown command.
Throwing (i - inventory):
u - 5 javelins (quivered)
Press: ? - help, Shift-Dir - straight line, f/p - Urug
Aim: Urug, wielding an enchanted eveningstar and wearing a ring mail (severely wounded)
You throw a javelin. The javelin closely misses Urug.
Urug throws a silver javelin.
The silver javelin hits you!
You die...

...####
.....P..
######.........
#(....#.....#[.
#.o...........
..§§......#
##.§§#...#
#..@÷P..#
##...§.###
#.§.....#
###.P(..##
##..#..##
###...P..#
#........#
#........#
#........#


You could see Urug.

Vanquished Creatures
  2 hydras (Lair:2)
  A two-headed ogre (D:9)
  The ghost of Mlkhall the Tainter, a novice NaVM of Makhleb (D:8)
  Pikel (D:5)
  2 black mambas
  A guardian serpent (Lair:2)
  A centaur skeleton (D:7)
  4 spiny frogs
  2 trolls (D:9)
  3 blink frogs (Lair:1)
  A dream sheep (Lair:2)
  6 hippogriffs
  A human (D:7)
  3 wyverns (D:9)
  22 yaks
  A basilisk (Lair:1)
  2 hogs (D:7)
  3 hungry ghosts
  2 steam dragons
  6 water moccasins
  A hornet zombie (D:8)
  4 porcupines
  A phantom (D:5)
  A necrophage (D:9)
  An ice beast (D:5)
  4 orc warriors
  2 sky beasts
  2 slaves (D:5)
  A black bear (D:7)
  An ogre (D:7)
  A wolf (Lair:1)
  4 crocodiles
  5 big kobolds
  5 centaurs
  2 bullfrogs
  A gnoll sergeant (D:5)
  4 water moccasin zombies (Ossuary)
  A wyvern skeleton (D:7)
  3 wights (D:8)
  2 electric eels (D:3)
  6 crimson imps
  A quasit (D:7)
  3 jellies
  A bullfrog skeleton (D:9)
  2 hounds
  10 orc priests
  A gnoll shaman (D:6)
  Natasha (thrice) (D:4)
  5 iguanas
  10 orc wizards
  9 worker ants
  4 big kobold zombies (Ossuary)
  2 mummies (Ossuary)
  Robin (D:3)
  A howler monkey zombie (D:4)
  19 adders
  11 gnolls
  5 river rats (Sewer)
  2 shadow imps
  6 oozes
  3 adder zombies (Ossuary)
  10 worms
  4 dart slugs
  6 leopard geckos
  31 orcs
  10 giant cockroaches
  12 goblins
  6 hobgoblins
  3 jackals
  24 kobolds
  6 quokkas
  9 ball pythons
  A ball python skeleton (D:5)
  7 bats
  3 frilled lizards
  2 gnoll zombies (Ossuary)
  2 hobgoblin zombies (Ossuary)
  3 kobold zombies (Ossuary)
  A leopard gecko skeleton (D:4)
  A leopard gecko zombie (D:9)
  2 orc zombies (Ossuary)
  A quokka skeleton (D:6)
  8 rats
368 creatures vanquished.

Vanquished Creatures (collateral kills)
  A yak (D:7)
  A hog (D:7)
  A gnoll (D:8)
3 creatures vanquished.

Vanquished Creatures (others)
  2 slaves (D:5)
  2 water moccasin zombies (Ossuary)
  An adder zombie (Ossuary)
  3 jackals (D:5)
  An orc zombie (Ossuary)
  49 fulminant prisms
58 creatures vanquished.

Grand Total: 429 creatures vanquished

Notes
Turn   | Place    | Note
-------+----------+-------------------------------------------
     0 | D:1      | mike2R the Deep Elf Conjurer began the quest for the Orb.
     0 | D:1      | Reached XP level 1. HP: 10/10 MP: 6/6
   466 | D:1      | Reached XP level 2. HP: 15/15 MP: 2/8
   470 | D:1      | Learned a level 2 spell: Searing Ray
   628 | D:2      | Reached skill level 5 in Conjurations
   767 | D:1      | Reached XP level 3. HP: 19/19 MP: 5/10
   776 | D:1      | Learned a level 3 spell: Dazzling Spray
  1054 | D:2      | Reached XP level 4. HP: 24/24 MP: 4/12
  1060 | D:2      | Learned a level 4 spell: Iskenderun's Mystic Blast
  1782 | D:2      | Reached skill level 6 in Conjurations
  2094 | D:2      | Reached skill level 5 in Spellcasting
  2094 | D:2      | Reached XP level 5. HP: 27/28 MP: 10/14
  2140 | D:2      | Learned a level 4 spell: Force Lance
  2613 | D:3      | Noticed Robin
  2616 | D:3      | Killed Robin
  2760 | D:3      | Found a transporter.
  2786 | D:3      | Found a transporter.
  2817 | D:3      | HP: 1/28 [electric eel/bolt of electricity (8)]
  3138 | D:3      | Reached XP level 6. HP: 22/32 MP: 2/17
  3421 | D:3      | Found a snail-covered altar of Cheibriados.
  3422 | D:3      | Found a stormy altar of Qazlal.
  3425 | D:3      | Found a hide-covered altar of Uskayaw.
  3426 | D:3      | Found a shadowy altar of Dithmenos.
  3426 | D:3      | Found a white marble altar of Elyvilon.
  3427 | D:3      | Found a deep blue altar of Sif Muna.
  3435 | D:3      | Became a worshipper of Qazlal Stormbringer
  3851 | D:3      | Reached skill level 7 in Conjurations
  4372 | D:4      | Learned a level 4 spell: Fulminant Prism
  4477 | D:4      | Noticed Natasha
  4483 | D:4      | Killed Natasha
  4496 | D:4      | Noticed Natasha
  4499 | D:4      | Killed Natasha
  4591 | D:4      | Found a staircase to the Ecumenical Temple.
  4593 | D:4      | Noticed Natasha
  4597 | D:4      | Killed Natasha
  4597 | D:4      | Reached * piety under Qazlal
  4770 | D:4      | Reached XP level 7. HP: 36/36 MP: 5/18
  4776 | D:4      | Reached skill level 8 in Conjurations
  5249 | D:5      | Entered Level 5 of the Dungeon
  5280 | D:5      | Reached skill level 1 in Armour
  5350 | D:5      | Noticed no0bjke's ghost (novice GrFi)
  5851 | D:5      | Noticed Pikel
  5883 | D:5      | Killed Pikel
  5883 | D:5      | Reached skill level 5 in Armour
  5883 | D:5      | Reached XP level 8. HP: 17/41 MP: 5/19
  6350 | D:5      | Reached skill level 9 in Conjurations
  7040 | D:6      | Reached skill level 10 in Conjurations
  7489 | D:6      | Found a glowing drain.
  7493 | D:6      | Reached ** piety under Qazlal
  7559 | D:6      | Reached XP level 9. HP: 45/45 MP: 15/20
  7587 | Sewer    | Entered a sewer
  8093 | Sewer    | Reached skill level 11 in Conjurations
  8934 | D:7      | Found a sand-covered staircase.
  9067 | D:6      | Reached skill level 12 in Conjurations
  9110 | D:6      | Reached skill level 1 in Fighting
  9191 | D:7      | Reached *** piety under Qazlal
  9470 | Ossuary  | Entered an ossuary
 10234 | D:7      | Reached XP level 10. HP: 54/58 MP: 19/21
 10734 | D:7      | Reached **** piety under Qazlal
 11715 | D:8      | Reached skill level 5 in Dodging
 12011 | D:8      | Noticed Mlkhall's ghost (novice NaVM)
 12036 | D:8      | Killed Mlkhall's ghost
 12047 | D:8      | Reached skill level 1 in Invocations
 13192 | D:8      | Found an iron altar of Okawaru.
 13312 | D:9      | Reached skill level 5 in Invocations
 13623 | D:9      | Reached XP level 11. HP: 52/62 MP: 15/22
 13679 | D:9      | Found a staircase to the Lair.
 13868 | D:9      | Noticed a two-headed ogre
 13924 | D:9      | HP: 2/62 [two-headed ogre/giant club (14)]
 13926 | D:9      | Killed a two-headed ogre
 14145 | D:9      | Reached skill level 13 in Conjurations
 14817 | D:9      | Reached skill level 5 in Fighting
 15016 | D:9      | Found a staircase to the Orcish Mines.
 15101 | D:9      | Found a roughly hewn altar of Beogh.
 15707 | Lair:1   | Entered Level 1 of the Lair of Beasts
 16461 | Lair:1   | Reached skill level 1 in Staves
 17090 | Lair:2   | Reached skill level 5 in Staves
 17267 | Lair:2   | Noticed a four-headed hydra
 17276 | Lair:2   | Killed a six-headed hydra
 17276 | Lair:2   | Reached XP level 12. HP: 40/72 MP: 3/23
 17288 | Lair:2   | Learned a level 4 spell: Summon Lightning Spire
 17563 | Lair:2   | Reached skill level 1 in Summonings
 17695 | Lair:2   | Noticed a six-headed hydra
 17702 | Lair:2   | Killed a seven-headed hydra
 17945 | Lair:2   | Found a staircase to the Snake Pit.
 18634 | Lair:3   | Reached skill level 5 in Summonings
 18682 | Lair:3   | Noticed Rupert
 18855 | Lair:2   | HP: 3/72 [Rupert/great sword of holy wrath (24)]
 18891 | Lair:3   | Noticed Urug
 18897 | Lair:3   | Hit by a silver javelin thrown by Urug

Skill      XL: |  1  2  3  4  5  6  7  8  9 10 11 12 |
---------------+-------------------------------------+-----
Conjurations   | 5 6 7 8 10 12 13 | 13.2
Spellcasting   | 4 5 6 |  6.9
Armour         | 5 6 |  6.3
Fighting       | 4 7 |  7.3
Dodging        | 7 |  7.1
Invocations    | 5 |  5.1
Staves         | 6 |  6.2
Summonings     | 6 |  6.0
Stealth        | |  2.4

Action                   |  1- 3 |  4- 6 |  7- 9 | 10-12 || total
-------------------------+-------+-------+-------+-------++-------
Melee: Dagger            |    17 |     4 |     7 |    33 ||    61
       Falchion          |       |    56 |    44 |    13 ||   113
       Whip              |       |       |    18 |       ||    18
       Spear             |       |       |   183 |       ||   183
       Flail             |       |       |       |    56 ||    56
       Lajatang          |       |       |       |   108 ||   108
Throw: Tomahawk          |       |       |       |     3 ||     3
       Javelin           |       |       |       |     1 ||     1
 Cast: Magic Dart        |    42 |    83 |   134 |   158 ||   417
       Searing Ray       |     4 |    14 |    16 |     5 ||    39
       Iskenderun's Myst |       |    12 |    42 |    98 ||   152
       Dazzling Spray    |       |     4 |     5 |       ||     9
       Fulminant Prism   |       |       |    26 |    24 ||    50
       Force Lance       |       |       |     4 |     4 ||     8
       Summon Lightning  |       |       |       |     1 ||     1
Invok: Upheaval          |       |       |     1 |     4 ||     5
       Elemental Force   |       |       |       |     1 ||     1
Evoke: Wand              |       |       |     5 |     6 ||    11
  Use: Scroll            |       |     5 |    10 |    11 ||    26
       Potion            |       |     2 |     2 |    11 ||    15
 Stab: Sleeping          |       |     7 |       |       ||     7
  Eat: Chunk             |       |    13 |    22 |    31 ||    66
       Fruit             |       |       |     5 |     4 ||     9
       Royal jelly       |       |       |     1 |     3 ||     4
       Bread ration      |       |       |     1 |       ||     1
Armor: Robe              |     8 |    20 |     7 |       ||    35
       Leather armour    |       |       |   111 |       ||   111
       Ring mail         |       |       |     7 |    29 ||    36
       Skin              |       |       |       |     2 ||     2
       Steam dragon scal |       |       |       |    70 ||    70
Dodge: Dodged            |    18 |    69 |   161 |   244 ||   492
       Deflected         |       |       |       |     8 ||     8
Block: Other             |       |       |    40 |    77 ||   117
       Rpst.: Falchion   |       |    23 |     8 |     3 ||    34
